 Dungeon Crawl Stone Soup version 0.24-a0-282-g1a68c911f0 (webtiles) character file.

Game seed: 2125628456426002850

393 Roikka the Cudgeler (level 6, -3/47 HPs)
             Began as a Demonspawn Fighter on May 3, 2019.
             Killed from afar by an orc wizard (9 damage)
             ... with a puff of flame
             ... on level 3 of the Dungeon.
             The game lasted 00:08:24 (4177 turns).

Roikka the Cudgeler (Demonspawn Fighter)            Turns: 4177, Time: 00:08:24

Health: -3/47      AC: 12    Str: 18    XL:     6   Next: 51%
Magic:  6/6        EV:  5    Int:  9    God:
Gold:   150        SH:  9    Dex: 13    Spells: 5/5 levels left

rFire    . . .     SeeInvis .   a - +0 flail
rCold    . . .     Gourm    .   c - +0 shield
rNeg     . . .     Faith    .   z - +0 chain mail
rPois    .         Spirit   .   (helmet restricted)
rElec    .         Reflect  .   x - +0 cloak
rCorr    .         Harm     .   (no gloves)
MR       .....                  (no boots)
Stlth    ..........             (no amulet)
HPRegen  1.15/turn              (no ring)
MPRegen  0.10/turn              (no ring)

@: no status effects
A: antennae 2, slimy green scales 1, powered by death 1
a: no special abilities


You were on level 3 of the Dungeon.
You were hungry.

You visited 1 branch of the dungeon, and saw 4 of its levels.

You collected 150 gold pieces.

Inventory:

Hand Weapons
 a - a +0 flail (weapon)
Missiles
 p - a throwing net (quivered)
Armour
 c - a +0 shield (worn)
 x - a +0 cloak (worn)
 z - a +0 chain mail (worn)
Jewellery
 k - an uncursed ring of fire
 u - an uncursed ring of wizardry
 C - an uncursed ring of fire
 D - an uncursed ring of stealth
Wands
 b - a wand of paralysis (5)
Scrolls
 e - 2 scrolls of random uselessness {unknown}
 g - 2 scrolls of identify
 h - a scroll of enchant weapon {unknown}
 i - 4 scrolls of teleportation {unknown}
 j - 3 scrolls of remove curse {unknown}
 l - 3 scrolls of fear {unknown}
 o - a scroll of blinking {unknown}
 q - 2 scrolls of amnesia {unknown}
 s - a scroll of fog {unknown}
 y - a scroll of magic mapping {unknown}
Potions
 d - 4 potions of might
 m - a potion of heal wounds {unknown}
 n - 2 potions of haste {unknown}
 r - 2 potions of resistance {unknown}
 t - 2 potions of curing {unknown}
 w - a potion of degeneration {unknown}
 A - a potion of flight {unknown}
 B - a potion of berserk rage {unknown}
Comestibles
 f - 6 rations


   Skills:
 - Level 3.0 Fighting
 * Level 5.3 Maces & Flails
 - Level 2.6 Armour
 + Level 4.4 Shields


You had 5 spell levels left.
You didn't know any spells.
Your spell library was empty.

Dungeon Overview and Level Annotations

Branches:
Dungeon (4/15)
 Temple: D:4-7

Altars:
Nemelex Xobeh
Qazlal


Innate Abilities, Weirdness & Mutations

You have a pair of antennae on your head.
You are partially covered in slimy green scales. (AC +2)
You regenerate a little health from kills.


Message History

You sock the orc priest!
The orc priest is severely wounded.
Something hits you but does no damage. The orc priest hits you.
* * * LOW HITPOINT WARNING * * *
Something hits you.
* * * LOW HITPOINT WARNING * * *
The orc priest hits you.
* * * LOW HITPOINT WARNING * * *
You barely miss the orc priest.
The orc priest is severely wounded.
Something hits you.
* * * LOW HITPOINT WARNING * * *
Something hits you but does no damage. You block the orc priest's attack.
Unknown command.
You sock the orc priest!
You kill the orc priest!
You hear some strange, mumbled words.
A puff of flame appears from out of thin air!
The puff of flame hits you!
You die...

#####.....####....
#..............###
#.###.....###.....
#.# ##...####..###
#.# ##..........#
#.# #.#####..#.#
#.# #....##..#..
#{# ####.##..##.
#@# #..........
#†######.###.>.##.
#....<)[.# #...##.
########.###)#.##.
#.....#....
###.######.
#.#####..
#........
#######..


There were no monsters in sight!

Vanquished Creatures
  A black bear (D:3)
  5 orc priests
  3 gnolls (D:3)
  5 adders
  A dart slug (D:3)
  12 orcs
  5 bats
  6 giant cockroaches
  6 hobgoblins
  4 jackals (D:3)
  A quokka (D:3)
  4 ball pythons
  3 frilled lizards
  6 goblins
  10 kobolds
  3 rats
75 creatures vanquished.

Notes
Turn   | Place    | Note
-------+----------+-------------------------------------------
     0 | D:1      | Roikka the Demonspawn Fighter began the quest for the Orb.
     0 | D:1      | Reached XP level 1. HP: 18/18 MP: 1/1
   118 | D:1      | Reached skill level 2 in Maces & Flails
   264 | D:1      | Gained mutation: You have a pair of small antennae on your
                  | head. [demonic ancestry]
   264 | D:1      | Reached XP level 2. HP: 23/24 MP: 2/2
  1345 | D:2      | Gained mutation: You are partially covered in slimy green
                  | scales. (AC +2) [demonic ancestry]
  1345 | D:2      | Reached XP level 3. HP: 23/29 MP: 3/3
  1553 | D:2      | Found a stormy altar of Qazlal.
  1668 | D:2      | Reached skill level 3 in Maces & Flails
  2283 | D:2      | Reached XP level 4. HP: 30/35 MP: 4/4
  2342 | D:3      | HP: 1/35 [orc priest (2)]
  2374 | D:3      | Noticed a black bear
  2822 | D:3      | Reached skill level 4 in Maces & Flails
  2862 | D:3      | Gained mutation: You have a pair of antennae on your head.
                  | [demonic ancestry]
  2862 | D:3      | Reached XP level 5. HP: 41/41 MP: 5/5
  3042 | D:3      | Paralysed by a kobold for 7 turns
  3330 | D:3      | Killed a black bear
  3330 | D:3      | Gained mutation: You regenerate a little health from kills.
                  | [demonic ancestry]
  3330 | D:3      | Reached XP level 6. HP: 29/47 MP: 6/6
  3742 | D:3      | Reached skill level 5 in Maces & Flails
  4045 | D:4      | Found a sparkling altar of Nemelex Xobeh.
  4177 | D:3      | Killed from afar by an orc wizard

Levels and vault maps discovered:
D:1:      erik_arrival_cave_to_civilisation [erik_arrival_cave_to_hall],
          layout_basic, st_stairs_5, grunt_decor_one_mirror
D:2:      layout_basic, nicolae_qazlal_eye_of_the_storm, first_ration
D:3:      layout_loops_ring
D:4:      layout_loops_ring, nemelex_xobeh_ov_fountains_minmay, uniq_robin,
          uniq_grinder

Skill      XL: |  1  2  3  4  5  6 |
---------------+-------------------+-----
Maces & Flails | 2 3 4 5 |  5.3
Shields        | 3 4 |  4.4
Fighting       | |  3.0
Armour         | |  2.6

Action                   |  1- 3 |  4- 6 || total
-------------------------+-------+-------++-------
Melee: Flail             |   146 |   170 ||   316
  Use: Scroll            |     1 |     2 ||     3
  Eat: Chunk             |     3 |     7 ||    10
Armor: Scale mail        |    73 |    25 ||    98
       Chain mail        |       |    71 ||    71
Dodge: Dodged            |    46 |    39 ||    85
Block: Shield            |    86 |    62 ||   148

Table legend:
 A = Non-vault XP
 B = Vault XP
 C = Vault XP percentage of total XP
 D = Non-vault monster count
 E = Vault monster count
 F = Vault count percentage of total count
                 A         B        C        D         E       F
            +---------+---------+-------+---------+---------+-------
      Total |     556 |       6 |   1.1 |      71 |       4 |   5.3
            +---------+---------+-------+---------+---------+-------
        D:1 |      20 |       6 |  23.1 |      14 |       4 |  22.2
        D:2 |      72 |       0 |   0.0 |      12 |       0 |   0.0
        D:3 |     415 |       0 |   0.0 |      42 |       0 |   0.0
        D:4 |      49 |       0 |   0.0 |       3 |       0 |   0.0
            +---------+---------+-------+---------+---------+-------
